 Dungeon Crawl Stone Soup version 0.24-a0-653-g3936067ed8 (webtiles) character file.

Game seed: 17050263945273350819, levelgen mode: deterministic

318 Torikoriko the Charmwright (level 6, -6/59 HPs)
             Began as an Ogre Skald on Sept 27, 2019.
             Was an Initiate of Ru.
             Killed from afar by an orc wizard (7 damage)
             ... with a magic dart
             ... on level 4 of the Dungeon.
             The game lasted 00:11:48 (4996 turns).

Torikoriko the Charmwright (Ogre Skald)             Turns: 4996, Time: 00:11:48

Health: -6/59      AC:  4    Str: 16    XL:     6   Next: 45%
Magic:  4/10       EV: 10    Int: 16    God:    Ru [......]
Gold:   149        SH:  0    Dex:  8    Spells: 5/11 levels left

rFire    . . .     SeeInvis .   t - +3 whip
rCold    . . .     Gourm    .   (no shield)
rNeg     . . .     Faith    .   b - +1 robe
rPois    .         Spirit   .   (helmet restricted)
rElec    .         Reflect  .   (no cloak)
rCorr    .         Harm     .   (gloves unavailable)
MR       .....                  (boots unavailable)
Stlth    +.........             (no amulet)
HPRegen  0.19/turn              (no ring)
MPRegen  0.12/turn              (no ring)

@: no status effects
A: large, unfitting armour, tough skin 1
a: Renounce Religion


You were on level 4 of the Dungeon.
You worshipped Ru.
Ru was noncommittal.
You were very hungry.

You visited 1 branch of the dungeon, and saw 4 of its levels.

You collected 149 gold pieces.

Inventory:

Hand Weapons
 a - a +0 mace
 t - a +3 whip (weapon)
Missiles
 p - a throwing net (quivered) {!f}
 r - 8 poisoned darts
Armour
 b - a +1 robe (worn)
Wands
 o - a wand of enslavement (6)
 x - a wand of acid (10)
Scrolls
 c - 2 scrolls of fog
 f - a scroll of teleportation
 k - a scroll of enchant armour
 s - a scroll of remove curse
Potions
 e - 4 potions of curing {unknown}
 g - a potion of haste {unknown}
 h - 2 potions of magic
 i - a potion of might {unknown}
 l - 2 potions of agility {unknown}
 m - a potion of degeneration {unknown}
 n - a potion of invisibility {unknown}
 q - a potion of ambrosia {unknown}
 u - a potion of heal wounds {unknown}
 v - 2 potions of mutation {unknown}
Comestibles
 d - 5 rations


   Skills:
 - Level 2.6 Fighting
 + Level 4.2 Maces & Flails
 - Level 2.1 Dodging
 - Level 3.0 Spellcasting
 + Level 4.8 Charms


You had 5 spell levels left.
You knew the following spells:

 Your Spells              Type           Power        Failure   Level  Hunger
b - Spectral Weapon       Hex/Chrm       ##......     22%         3    ###....
r - Regeneration          Chrm/Necr      ##........   22%         3    ###....

Your spell library contained the following spells:

 Spells                   Type           Power        Failure   Level  Hunger
 Infusion                 Chrm           ###.         2%          1    #......
 Song of Slaying          Chrm           ###.....     4%          2    ##.....
 Shroud of Golubria       Chrm/Tloc      ##....       11%         2    ##.....


Dungeon Overview and Level Annotations

Branches:
Dungeon (4/15)
 Temple: D:4-7

Altars:
Elyvilon
Gozag
Hepliaklqana
Ru
Trog

Annotations:
D:4 Robin


Innate Abilities, Weirdness & Mutations

You are too large for most types of armour.
You have tough skin. (AC +1)


Message History

The magic dart hits you.
* * * LOW HITPOINT WARNING * * *
Press: ? - help, v - describe, . - travel
Here: an orc wizard, wielding a +0 dagger and wearing a +0 robe The floor.
Unknown command.
Unknown command.
You hit the orc wizard.
The orc wizard is lightly wounded.
Your spectral weapon hits the orc wizard.
The orc wizard barely misses you.
You barely miss the orc wizard.
The orc wizard is moderately wounded.
Your spectral weapon closely misses the orc wizard.
The orc wizard gestures at you while chanting.
The puff of flame hits you!
* * * LOW HITPOINT WARNING * * *
The orc wizard points at you and mumbles some strange words.
The magic dart hits you!
You die...

.....## ##..######
......######..........
.....#...............#
....#######.##########
...# #..## ..# ##..###
### .# #....## ###..##
.## #...)(##
###.....## ..##
#..#.@o####........##
...##
#..###...#..........##
....# #..#
###o.............
###.# #..#
##............... ..#
#..# #................
### ...#
##............... ..#
...# #...............
#.# ....#
#............... ..#
#...............


You could see 2 orc wizards and a friendly spectral +3 whip.

Vanquished Creatures
  A howler monkey (D:4)
  Terence (D:2)
  2 orc wizards (D:3)
  An iguana (D:4)
  5 gnolls
  4 adders
  2 worms
  3 dart slugs
  6 leopard geckos
  4 orcs (D:3)
  5 bats
  15 goblins
  7 hobgoblins
  A quokka (D:3)
  2 ball pythons
  8 frilled lizards
  10 kobolds
  A quokka skeleton (D:4)
  5 rats
83 creatures vanquished.

Vanquished Creatures (others)
  A spectral weapon (D:4)
1 creature vanquished.

Grand Total: 84 creatures vanquished

Notes
Turn   | Place    | Note
-------+----------+-------------------------------------------
     0 | D:1      | Torikoriko the Ogre Skald began the quest for the Orb.
     0 | D:1      | Reached XP level 1. HP: 22/22 MP: 3/3
   297 | D:1      | Reached XP level 2. HP: 28/29 MP: 5/5
   603 | D:1      | Reached XP level 3. HP: 36/36 MP: 5/7
  1461 | D:1      | Learned a level 3 spell: Regeneration
  1465 | D:1      | Learned a level 3 spell: Spectral Weapon
  1719 | D:2      | Noticed Terence
  1734 | D:2      | Killed Terence
  1734 | D:2      | Reached XP level 4. HP: 33/44 MP: 2/8
  1841 | D:2      | Found a bloodstained altar of Trog.
  2364 | D:3      | Found a white marble altar of Elyvilon.
  2473 | D:3      | Found a sacrificial altar of Ru.
  2878 | D:2      | Reached XP level 5. HP: 42/50 MP: 2/9
  3994 | D:3      | Found a hazy altar of Hepliaklqana.
  4394 | D:4      | Found an opulent altar of Gozag.
  4399 | D:4      | Reached XP level 6. HP: 56/59 MP: 10/10
  4797 | D:3      | Became a worshipper of Ru the Awakened
  4867 | D:4      | Noticed Robin
  4996 | D:4      | HP: 1/59 [orc wizard/puff of flame (11)]
  4996 | D:4      | Killed from afar by an orc wizard

Levels and vault maps discovered:
D:1:      wander_arrival_chamber, layout_basic
D:2:      layout_loops_cross, trog_three_pillars_becter, uniq_terence
D:3:      layout_rooms, lemuel_round_altar, nicolae_overflow_crystal_walls,
          nicolae_ru_awakened_eye, chequers_serial_rivers_small_a
D:4:      layout_cave_pods, nicolae_gozag_cash_rules_everything_around_me,
          lemuel_doored_altar, minitemple, first_ration, uniq_robin

Skill      XL: |  1  2  3  4  5  6 |
---------------+-------------------+-----
Maces & Flails | 2 3 4 |  4.2
Charms         | 3 4 |  4.8
Spellcasting   | 3 |  3.0
Fighting       | |  2.6
Dodging        | |  2.1

Action                   |  1- 3 |  4- 6 || total
-------------------------+-------+-------++-------
Melee: Mace              |   136 |   187 ||   323
       Whip              |       |    36 ||    36
 Cast: Spectral Weapon   |     2 |    17 ||    19
       Regeneration      |     1 |     2 ||     3
  Use: Scroll            |       |     6 ||     6
 Stab: Sleeping          |     1 |       ||     1
  Eat: Chunk             |     3 |    12 ||    15
Armor: Robe              |    42 |    54 ||    96
Dodge: Dodged            |    93 |   147 ||   240

Table legend:
 A = Non-vault XP
 B = Vault XP
 C = Vault XP percentage of total XP
 D = Non-vault monster count
 E = Vault monster count
 F = Vault count percentage of total count
                 A         B        C        D         E       F
            +---------+---------+-------+---------+---------+-------
      Total |     409 |      46 |  10.1 |      78 |       5 |   6.0
            +---------+---------+-------+---------+---------+-------
        D:1 |      48 |       0 |   0.0 |      27 |       0 |   0.0
        D:2 |      88 |      38 |  30.2 |      21 |       1 |   4.5
        D:3 |     144 |       0 |   0.0 |      23 |       0 |   0.0
        D:4 |     129 |       8 |   5.8 |       7 |       4 |  36.4
            +---------+---------+-------+---------+---------+-------
